 Dungeon Crawl Stone Soup version 0.26-a0-651-gb41185065b (webtiles) character file.

Game seed: 4736334221574761128

1115 Irenicus the Geomancer (level 8, -1/62 HPs)
             Began as a Deep Dwarf Earth Elementalist on Oct 12, 2020.
             Was an Initiate of Makhleb.
             Killed from afar by a gnoll (6 damage)
             ... with a puff of flame
             ... on level 4 of the Dungeon.
             The game lasted 00:20:44 (3077 turns).

Irenicus the Geomancer (DDEE)                       Turns: 3077, Time: 00:20:44

Health: -1/62      AC:  9    Str: 13    XL:     8   Next: 12%
Magic:  7/11       EV: 12    Int: 17    God:    Makhleb [......]
Gold:   237        SH:  0    Dex: 13    Spells: 8/11 levels left

rFire    . . .     SeeInvis .   e - +1 dagger
rCold    . . .     Faith    .   (no shield)
rNeg     . . .     Spirit   .   v - +0 leather armour
rPois    .         Reflect  .   f - +0 helmet
rElec    .         Harm     .   j - scarf {+Inv}
rCorr    .         Rampage  .   r - +2 pair of gloves
MR       ++...                  o - +1 pair of boots
Stlth    +.........             (no amulet)
HPRegen  0.00/turn              s - ring of attention (curse)
MPRegen  0.12/turn              g - ring of protection from magic {MR+, !d}

@: non-regenerating
A: damage resistance, heal wounds, sense surroundings 1, no regeneration
a: Heal Wounds, Renounce Religion, Evoke Invisibility


You were on level 4 of the Dungeon.
You worshipped Makhleb.
Makhleb was noncommittal.
You visited 2 branches of the dungeon, and saw 7 of its levels.

You collected 347 gold pieces.
You spent 110 gold pieces at shops.

Inventory:

Hand Weapons
 a - a +0 whip
   (You took it off a kobold on level 1 of the Dungeon)
 e - a +1 dagger (weapon)
   (You took it off a goblin on level 1 of the Dungeon)
Missiles
 b - 64 stones (quivered)
Armour
 f - a +0 helmet (worn)
   (You took it off Robin on level 2 of the Dungeon)
 j - a scarf of invisibility (worn)
   (You found it on level 2 of the Dungeon)
 o - a +1 pair of boots (worn)
   (You found it on level 3 of the Dungeon)
 p - a +0 cloak
   (You found it on level 4 of the Dungeon)
 r - a +2 pair of gloves (worn)
   (You found it on level 5 of the Dungeon)
 v - a +0 leather armour (worn)
   (You found it on level 5 of the Dungeon)
Jewellery
 g - a ring of protection from magic (right hand) {MR+, !d}
   (You found it on level 3 of the Dungeon)
 i - an uncursed ring of see invisible {sInv, !d}
   (You found it on level 1 of the Dungeon)
 s - a cursed ring of attention (left hand)
   (You found it on level 6 of the Dungeon)
 t - an uncursed ring of flight {+Fly, !d}
   (You found it on level 5 of the Dungeon)
Wands
 k - a wand of flame (12)
   (You took it off Robin on level 2 of the Dungeon)
Scrolls
 c - 4 scrolls of identify
Potions
 d - a potion of haste
 h - a potion of flight {unknown}
 l - a potion of degeneration {unknown}
 m - 2 potions of ambrosia {unknown}
 n - a potion of magic {unknown}
 q - 2 potions of heal wounds
 u - 2 potions of stabbing {unknown}
 w - 3 potions of curing {unknown}


   Skills:
 - Level 2.1 Dodging
 - Level 2.4 Stealth
 - Level 2.0 Spellcasting
 - Level 0.8 Transmutations
 + Level 10.1 Earth Magic
 + Level 8.1 Evocations


You had 8 spell levels left.
You knew the following spells:

 Your Spells              Type           Power        Failure   Level
a - Sandblast             Erth           #####.       1%          1
w - Passwall              Tmut/Erth      ###.....     4%          2

Your spell library contained the following spells:

 Spells                   Type           Power        Failure   Level
 Stone Arrow              Conj/Erth      ###...       10%         3
 Lee's Rapid Deconstruct  Erth           #####.....   11%         5
 Animate Skeleton         Necr           #.....       24%         1
 Corona                   Hex            #......      24%         1
 Pain                     Necr           #...         24%         1
 Petrify                  Tmut/Erth      ###.....     26%         4
 Ensorcelled Hibernation  Hex/Ice        #.....       36%         2
 Confusing Touch          Hex            #.......     58%         3
 Dazzling Flash           Conj/Hex       #.....       58%         3
 Tukima's Dance           Hex            #.......     58%         3
 Vampiric Draining        Necr           #.........   58%         3
 Animate Dead             Necr           #.........   94%         4
 Agony                    Necr           #.......     100%        5


Dungeon Overview and Level Annotations

Branches:
Dungeon (6/15)             Temple (1/1) D:5

Altars:
Cheibriados
Elyvilon
Makhleb
Okawaru
Qazlal
Sif Muna
Trog
Vehumet
Wu Jian
Xom
Yredelemnul

Shops:
D:5 !

Annotations:
D:4 1 transporter, gbos's ghost, amateur NaHu


Innate Abilities, Weirdness & Mutations

You are resistant to damage.
You can heal yourself by infusing magical energy.
You passively map a small area around you.
You do not regenerate.


Message History

There is a stone staircase leading up here.
You climb upwards.
Level annotation: 2 transporters
There is a stone staircase leading down here.
MP restored: 11 Really walk into that teleport trap?
You enter a teleport trap!
The teleport trap disappears.
Your surroundings suddenly seem different.
There is an open door here.
You open the door.
There is an open door here.
The gnoll shouts!
You hear a shout!
The gnoll shouts!
You hear a shout!
There is a transporter here.
You enter the transporter and appear at another place.
The gnoll throws a throwing net.
The throwing net barely misses you.
You see here a throwing net {=f, !d}.
The gnoll shaman shouts!
The gnoll throws a throwing net.
The throwing net misses you.
There is an open translucent door here.
You see here a throwing net {=f, !d}.
Casting: Sandblast (safe; 1% risk of failure)
Confirm with . or Enter, or press ? or * to list all spells.
Aiming: Sandblast (safe; 1% risk of failure)
Press: ? - help, Shift-Dir - straight line, f - gnoll sergeant
Aim: a gnoll sergeant, wielding the +7 trident "Vomunuok" {elec, rElec rN+ MR+ Int-3}, wearing a +0 ring mail and wearing a +2 kite shield
Okay, then.
The gnoll shaman hits you with a +0 whip.
You take 1 damage, and have 25/62 hp.
Casting: Sandblast (safe; 1% risk of failure)
Confirm with . or Enter, or press ? or * to list all spells.
Aiming: Sandblast (safe; 1% risk of failure)
Press: ? - help, Shift-Dir - straight line, f - gnoll shaman
Aim: a gnoll shaman, wielding a +0 whip, wearing a +0 leather armour and wearing a +6 ring of dexterity The blast of sand hits the gnoll shaman but does no damage.
b - 68 stones The gnoll shaman hits you with a +0 whip.
You now have 10/11 mp.
Casting: Sandblast (safe; 1% risk of failure)
Confirm with . or Enter, or press ? or * to list all spells.
Aiming: Sandblast (safe; 1% risk of failure)
Press: ? - help, Shift-Dir - straight line, f/p - gnoll shaman
Aim: a gnoll shaman, wielding a +0 whip, wearing a +0 leather armour and wearing a +6 ring of dexterity
Okay, then.
The gnoll hits you but does no damage. The gnoll barely misses you. x2
There is an open translucent door here.
The gnoll misses you.
The gnoll shaman hits you with a +0 whip.
The gnoll shaman closely misses you.
The gnoll shaman hits you but does no damage.
MP restored: 11 Gbos's ghost (amateur Naga Hunter) comes into view.
Gbos's ghost turns its malevolent gaze towards you.
You hear a shout!
A gnoll comes into view.
It is wielding a +0 spear and carrying a wand of flame (18).
Casting: Sandblast (safe; 1% risk of failure)
Confirm with . or Enter, or press ? or * to list all spells.
Aiming: Sandblast (safe; 1% risk of failure)
Press: ? - help, Shift-Dir - straight line, f/p - gnoll shaman
Aim: a gnoll shaman, wielding a +0 whip, wearing a +0 leather armour and wearing a +6 ring of dexterity The blast of sand hits the gnoll shaman!
The gnoll shaman is heavily wounded.
b - 67 stones The gnoll shaman barely misses you.
You now have 10/11 mp.
Casting: Sandblast (safe; 1% risk of failure)
Confirm with . or Enter, or press ? or * to list all spells.
Aiming: Sandblast (safe; 1% risk of failure)
Press: ? - help, Shift-Dir - straight line, f/p - gnoll shaman
Aim: a gnoll shaman, wielding a +0 whip, wearing a +0 leather armour and wearing a +6 ring of dexterity (heavily wounded)
The blast of sand hits the gnoll shaman!!
You kill the gnoll shaman!
Makhleb accepts your kill.
b - 66 stones You now have 9/11 mp.
Casting: Sandblast (safe; 1% risk of failure)
Confirm with . or Enter, or press ? or * to list all spells.
Aiming: Sandblast (safe; 1% risk of failure)
Press: ? - help, Shift-Dir - straight line, f - gnoll sergeant
Aim: a gnoll sergeant, wielding the +7 trident "Vomunuok" {elec, rElec rN+ MR+ Int-3}, wearing a +0 ring mail and wearing a +2 kite shield The blast of sand hits the gnoll sergeant but does no damage.
b - 65 stones The gnoll sergeant hits you from afar with the +7 trident "Vomunuok" {elec, rElec rN+ MR+ Int-3}!
You are electrocuted!
* * * LOW HITPOINT WARNING * * *
You take 20 damage, and have 5/62 hp.
MASSIVE DAMAGE!!
You now have 8/11 mp.
Casting: Sandblast (safe; 1% risk of failure)
Confirm with . or Enter, or press ? or * to list all spells.
Aiming: Sandblast (safe; 1% risk of failure)
Press: ? - help, Shift-Dir - straight line, f/p - gnoll sergeant
Aim: a gnoll sergeant, wielding the +7 trident "Vomunuok" {elec, rElec rN+ MR+ Int-3}, wearing a +0 ring mail and wearing a +2 kite shield The blast of sand hits the gnoll sergeant but does no damage.
b - 64 stones The gnoll sergeant misses you.
The gnoll completely misses you.
You now have 7/11 mp.
Evoke which item? (* to show all) (? for menu, Esc to quit)
Okay, then.
The gnoll zaps a wand.
The puff of flame hits you!
You die...

#.# #.≈≈≈≈≈≈≈≈≈≈≈≈≈≈≈≈≈.... #.#
#.≈≈####.....####≈≈.###
##+###.≈≈#..#8###8#gg#≈≈.##
##...#..≈≈#8.###.###.8#≈≈..#
##.<.....≈≈#...........#≈≈..##
##........≈≈###W##'##.###≈≈...#
###.........≈≈..#g#...#.#..≈≈....
..+.........≈≈.##.#...#.##.≈≈....
###.........≈≈.#@.#.(.#..#.≈≈....
##........≈≈.##.#####.##.≈≈.#.#
##...........#g#8⌠8#.#..≈≈.#.#
##...##....©#g'.©((.#©.≈≈.#.#
##+###.....#g#...#.#..≈≈.#.. #.#
#.≈≈.##.##.##.##.≈≈.### #.#
#.≈≈.#©.#..P#..#.≈≈. #
##.###.≈≈.##.'...'.##.≈≈.# #
######...##.≈≈..#.#..P#.#..≈≈.# #


You could see a gnoll sergeant, gbos's ghost and 3 gnolls.

Vanquished Creatures
  2 ice beasts
  A sky beast (D:5)
  An ogre (D:6)
  A bullfrog (D:6)
  A wyvern zombie (D:6)
  2 scorpions
  3 hounds
  A jelly (D:6)
  A gnoll shaman (D:4)
  2 orc priests (D:5)
  3 orc wizards (D:5)
  A centaur skeleton (D:4)
  2 worker ants
  Robin (D:2)
  5 adders
  A shadow imp (D:6)
  2 white imps (D:5)
  An adder skeleton (D:4)
  2 dart slugs
  2 leopard geckos (D:1)
  15 orcs
  5 bats
  6 giant cockroaches
  16 goblins
  5 hobgoblins
  8 jackals
  4 quokkas
  A frilled lizard (D:2)
  A jackal skeleton (D:4)
  7 kobolds
  7 rats
110 creatures vanquished.

Vanquished Creatures (others)
  15 plants
15 creatures vanquished.

Grand Total: 125 creatures vanquished

Notes
Turn   | Place    | Note
-------+----------+-------------------------------------------
     0 | D:1      | Irenicus the Deep Dwarf Earth Elementalist began the quest
                  | for the Orb.
     0 | D:1      | Reached XP level 1. HP: 15/15 MP: 3/3
    72 | D:1      | Reached skill level 2 in Spellcasting
   207 | D:1      | Reached XP level 2. HP: 22/22 MP: 3/5
   293 | D:1      | Reached skill level 5 in Earth Magic
   366 | D:1      | Learned a level 2 spell: Passwall
   586 | D:2      | Reached XP level 3. HP: 25/28 MP: 0/6
   586 | D:2      | Noticed Robin
   625 | D:2      | HP: 4/28 [Robin/puff of flame (7)]
   629 | D:2      | Killed Robin
   816 | D:2      | Reached skill level 6 in Earth Magic
   816 | D:2      | Reached skill level 1 in Evocations
   914 | D:2      | Reached XP level 4. HP: 21/36 MP: 2/7
  1020 | D:2      | Reached skill level 2 in Evocations
  1131 | D:3      | Found an ornate altar of the Wu Jian Council.
  1132 | D:3      | Found an iron altar of Okawaru.
  1189 | D:3      | Found a stormy altar of Qazlal.
  1191 | D:3      | Noticed a fire elemental
  1192 | D:3      | Noticed an air elemental
  1192 | D:3      | Noticed a water elemental
  1192 | D:3      | Noticed an earth elemental
  1201 | D:3      | Found a basalt altar of Yredelemnul.
  1250 | D:3      | Reached skill level 3 in Evocations
  1250 | D:3      | Reached XP level 5. HP: 15/42 MP: 0/8
  1321 | D:3      | Found a shimmering blue altar of Sif Muna.
  1378 | D:4      | HP: 9/42 [worker ant (6)]
  1379 | D:4      | Reached skill level 7 in Earth Magic
  1534 | D:4      | Reached skill level 4 in Evocations
  1634 | D:4      | You fall into a shaft and drop 2 floors!
  1664 | D:5      | Entered Level 5 of the Dungeon
  1673 | D:5      | Reached XP level 6. HP: 8/49 MP: 3/9
  1774 | D:4      | Reached skill level 5 in Evocations
  1842 | D:4      | Identified the +7 trident "Vomunuok" {elec, rElec rN+ MR+
                  | Int-3}
  1875 | D:4      | Found a transporter.
  1875 | D:4      | Found a transporter.
  2008 | D:5      | Found Toept's Distillery.
  2010 | D:5      | Bought a potion of heal wounds for 55 gold pieces
  2010 | D:5      | Bought a potion of heal wounds for 55 gold pieces
  2263 | D:5      | Reached skill level 8 in Earth Magic
  2327 | D:5      | Found a staircase to the Ecumenical Temple.
  2330 | Temple   | Entered the Ecumenical Temple
  2350 | Temple   | Became a worshipper of Makhleb the Destroyer
  2508 | D:5      | Noticed an ice beast
  2520 | D:5      | Killed an ice beast
  2520 | D:5      | Reached XP level 7. HP: 20/55 MP: 0/10
  2574 | D:6      | Reached skill level 6 in Evocations
  2587 | D:5      | Reached skill level 9 in Earth Magic
  2807 | D:6      | Found a shimmering altar of Xom.
  2808 | D:6      | HP: 1/55 [ogre/+0 giant spiked club (14)]
  2809 | D:6      | Reached skill level 7 in Evocations
  2881 | D:6      | Reached XP level 8. HP: 26/62 MP: 0/11
  2932 | D:5      | Reached skill level 10 in Earth Magic
  2932 | D:5      | Reached skill level 8 in Evocations
  3072 | D:4      | Noticed gbos's ghost (amateur NaHu)
  3075 | D:4      | HP: 5/62 [gnoll sergeant/the +7 trident "Vomunuok" {elec,
                  | rElec rN+ MR+ Int-3} (15)]
  3077 | D:4      | Killed from afar by a gnoll

Illustrated notes

Levels and vault maps discovered:
D:1:      doesnt_arrival_eight_statues, layout_basic, hangedman_feature_mirror,
          chequers_arboretum
D:2:      layout_loops_ring, minmay_pentomino_q2, uniq_robin
D:3:      layout_rooms, yredelemnul_altar_generic,
          nicolae_qazlal_style_of_elements, gammafunk_temple_overflow_statue,
          lemuel_blue_sif_altar
D:4:      layout_loops_corners, gammafunk_ghost_gnarly_gnolls
D:5:      layout_basic, minmay_temple_entry_enclosed_plants, serial_shops, shop
D:6:      layout_rooms, overflow_temple_1_default, minivault_22
Temple:   nicolae_temple_god_jail

Skill      XL: |  1  2  3  4  5  6  7  8 |
---------------+-------------------------+-----
Spellcasting   | 2 |  2.0
Earth Magic    | 5 6 7 8 9 10 | 10.1
Evocations     | 1 3 4 5 7 8 |  8.1
Dodging        | |  2.1
Stealth        | |  2.4
Transmutations | |  0.8

Action                   |  1- 3 |  4- 6 |  7- 9 || total
-------------------------+-------+-------+-------++-------
Melee: Dagger            |    12 |     9 |       ||    21
 Cast: Sandblast         |    47 |    81 |    36 ||   164
       Passwall          |     2 |    26 |     4 ||    32
Evoke: Wand              |     1 |     6 |     2 ||     9
  Use: Scroll            |     1 |     4 |     3 ||     8
       Potion            |     1 |     1 |     1 ||     3
 Stab: Sleeping          |     1 |       |       ||     1
Armor: Robe              |     2 |       |       ||     2
       Leather armour    |     1 |    15 |     6 ||    22
Dodge: Dodged            |    15 |    19 |    27 ||    61

Table legend: (Time is in decaauts)
 A = Elapsed time spent in this place.
 B = Non-inter-level travel time spent in this place.
 C = Inter-level travel time spent in this place.
 D = Time resting spent in this place.
 E = Time spent auto-exploring this place.
 F = Levels seen in this place.
 G = Mean time per level.
                   A        B        C        D        E       F      G
               +--------+--------+--------+--------+--------+-----+--------+
         Total |   3077 |   3077 |      0 |      0 |      0 |   7 |  439.6 |
       Dungeon |   3041 |   3041 |      0 |      0 |      0 |   6 |  506.8 |
        Temple |     35 |     35 |      0 |      0 |      0 |   1 |   35.0 |
               +--------+--------+--------+--------+--------+-----+--------+

Top non-repeatable levels by time:
     D:4: 672 daAuts
     D:5: 670 daAuts
     D:2: 562 daAuts
     D:1: 495 daAuts
     D:6: 339 daAuts
     D:3: 301 daAuts
  Temple: 35 daAuts

Table legend:
 A = Kills in this place as a percentage of kills in entire the game.
 B = Kills by you in this place as a percentage of kills by you in the entire game.
 C = Kills by friends in this place as a percentage of kills by friends in the entire game.
 D = Other kills in this place as a percentage of other kills in the entire game.
 E = Experience gained in this place as a percentage of experience gained in the entire game.
 F = Experience gained in this place divided by the number of levels of this place that you have seen.
                   A       B       C       D       E      F
               +-------+-------+-------+-------+-------+----------------------
         Total | 100.0 | 100.0 |   N/A |   N/A | 100.0 | 227.6
       Dungeon | 100.0 | 100.0 |   N/A |   N/A | 100.0 | 265.5
               +-------+-------+-------+-------+-------+----------------------
